 Dungeon Crawl Stone Soup version 0.27.0-1-g7a089689b8 (webtiles) character file.

Game seed: 15140576054507004134

4714 mhtbhm the Spear-Bearer (level 10, 0/90 HPs)
             Began as a Minotaur Berserker on Aug 8, 2021.
             Was an Elder of Trog.
             Slain by a two-headed ogre (7 damage)
             ... on level 9 of the Dungeon.
             The game lasted 00:12:45 (9841 turns).

mhtbhm the Spear-Bearer (Minotaur Berserker)        Turns: 9841, Time: 00:12:46

Health: 0/90       AC: 15    Str: 31    XL:     10   Next: 22%
Magic:  0/9        EV: 10    Int:  4    God:    Trog [****..]
Gold:   464        SH:  0    Dex: 10    Spells: 9/9 levels left

rFire    . . .     SeeInvis +   a - +0 halberd
rCold    . . .     Faith    .   (shield currently unavailable)
rNeg     . . .     Spirit   +   b - +0 chain mail
rPois    .         Reflect  .   (helmet restricted)
rElec    .         Harm     .   n - +0 cloak
rCorr    +         Rampage  .   (no gloves)
Will     .....                  q - +0 pair of boots
Stlth    ..........             u - amulet of guardian spirit
HPRegen  0.25/turn              w - ring of the Invisible Hand {rCorr Str+6}
MPRegen  0.11/turn              g - ring of see invisible

@: marked, on berserk cooldown, slowed, very slow
A: horns 2, retaliatory headbutt
a: Renounce Religion, Berserk, Trog's Hand, Brothers in Arms


You were on level 9 of the Dungeon.
You worshipped Trog.
Trog was greatly pleased with you.
You visited 1 branch of the dungeon, and saw 9 of its levels.
You also visited: Sewer.

You collected 464 gold pieces.

Inventory:

Hand Weapons
 a - a +0 halberd (weapon)
Armour
 b - a +0 chain mail (worn)
 n - a +0 cloak (worn)
 q - a +0 pair of boots (worn)
Jewellery
 g - a ring of see invisible (right hand)
 l - a ring of flight
 u - an amulet of guardian spirit (around neck)
 w - the ring of the Invisible Hand (left hand) {rCorr Str+6}
   (You found it on level 6 of the Dungeon)

   [ring of strength]

   Str:       It affects your strength (+6).
   rCorr:     It protects you from acid and corrosion.
Wands
 r - a wand of charming (5)
 C - a wand of digging (4)
Scrolls
 c - a scroll of fog
 f - a scroll of silence
 j - 2 scrolls of enchant armour
 k - 2 scrolls of teleportation
 s - a scroll of immolation
 v - a scroll of enchant weapon
 x - a scroll of brand weapon {unknown}
 y - a scroll of holy word
Potions
 e - 2 potions of mutation
 h - a potion of flight {unknown}
 i - 2 potions of brilliance {unknown}
 m - a potion of magic {unknown}
 o - a potion of might {unknown}
 p - 2 potions of haste {unknown}
 t - 3 potions of attraction {unknown}
 A - 2 potions of invisibility {unknown}
 B - a potion of curing


   Skills:
 + Level 8.5 Fighting
 + Level 11.3 Polearms
 + Level 11.1 Armour
 + Level 4.5 Dodging
 - Level 0.6 Stealth
 + Level 1.0 Evocations


You had 9 spell levels left.
You didn't know any spells.
Your spell library was empty.

Dungeon Overview and Level Annotations

Branches:
Dungeon (9/15)             Temple (0/1) D:5            Lair (0/6) D:8
  Sewer (visited)
    Orc: D:9-12

Altars:
Ashenzari
Cheibriados
Elyvilon
Fedhas
Kikubaaqudgha
Nemelex Xobeh
Qazlal
Ru
Vehumet
Xom
Yredelemnul
Zin

Annotations:
D:9 1 transporter


Innate Abilities, Weirdness & Mutations

You have a pair of horns on your head.
You reflexively headbutt those who attack you in melee.


Message History

Unknown command.
You feel much better.
The bullfrog hits you but does no damage.
The centaur zombie hits you but does no damage.
The centaur zombie barely misses you.
The howler monkey zombie hits you but does no damage.
The bullfrog completely misses you. You furiously retaliate!
You headbutt the bullfrog.
The centaur zombie hits you but does no damage.
The centaur zombie kicks you but does no damage.
The howler monkey zombie barely misses you.
You furiously retaliate!
You headbutt the howler monkey zombie.
The two-headed ogre hits you with a +0 giant club!!
* * * LOW HITPOINT WARNING * * *
The two-headed ogre hits you with a +0 giant club!
* * * LOW HITPOINT WARNING * * *
The bullfrog hits you but does no damage.
Unknown command.
An orc wizard comes into view. It is wielding a +0 dagger.
A two-headed ogre comes into view. It is wielding two +0 giant clubs.
An orc comes into view. It is wielding a +0 dagger.
The howler monkey zombie hits you but does no damage.
The bullfrog hits you but does no damage.
The howler monkey zombie hits you but does no damage.
An orc comes into view. It is wielding a +0 flail.
An orc comes into view. It is wielding a +0 whip.
The bullfrog barely misses you.
A howler monkey zombie comes into view.
The bullfrog barely misses you.
You feel much better. The two-headed ogre barely misses you.
The two-headed ogre hits you with a +0 giant club!
* * * LOW HITPOINT WARNING * * *
The bullfrog hits you but does no damage.
The gnoll shaman barely misses you. The bullfrog barely misses you.
You furiously retaliate!
You headbutt the bullfrog!
You kill the bullfrog!
Trog accepts your kill. The gnoll hits you but does no damage.
The two-headed ogre hits you with a +0 giant club!
You die...

#..##..........## ..
##...............###...
#.......[...........Z..
#..................o...
#..................o...
##......).##.....Oo... ..
#........###....g.....##..
###))....###..go.###......
#............@gZ## ..... #
##...........ZO†..##.l..?.
.##.................†#...#
......#....#......##.....##
..<..##.#..##.#...........#
..##.#
.###...#.........c... ..
...... .........:........
#.
#.###############(..##...
#. #.#8P#...ooKo#P8#..[#
...


You could see 2 two-headed ogres, a gnoll shaman, an orc wizard, 2 gnolls, 3
orcs, a centaur zombie and 2 howler monkey zombies.

Vanquished Creatures
  Joseph (D:7)
  An unseen horror (D:8)
  A basilisk (D:9)
  4 yaks
  Menkaure (D:7)
  A water moccasin (D:7)
  An orc warrior (D:8)
  3 sky beasts
  A black bear (D:7)
  A hornet zombie (D:7)
  2 ice beasts
  A necrophage (D:7)
  3 ogres
  A centaur (D:8)
  2 phantoms (D:5)
  2 kobold brigands
  4 bullfrogs
  2 gnoll sergeants
  A scorpion (D:5)
  11 killer bees
  An electric eel (D:8)
  A centaur zombie (D:8)
  3 bullfrog zombies
  2 jellies
  4 hounds
  An orc priest (D:3)
  Crazy Yiuf (D:2)
  Jessica (D:2)
  An iguana (D:3)
  4 orc wizards
  2 killer bee zombies (D:8)
  A hound skeleton (D:4)
  A howler monkey zombie (D:8)
  5 adders
  7 gnolls
  3 ufetubi
  2 worms (D:6)
  4 dart slugs
  16 orcs
  10 ball pythons
  A bat skeleton (D:2)
  7 endoplasms
  14 giant cockroaches
  10 goblins
  8 hobgoblins
  5 quokkas
  9 bats
  5 frilled lizards
  11 kobolds
  3 rats
187 creatures vanquished.

Vanquished Creatures (others)
  An orc wizard (D:3)
  A plant (D:3)
2 creatures vanquished.

Grand Total: 189 creatures vanquished

Notes
Turn   | Place    | Note
-------+----------+-------------------------------------------
     0 | D:1      | mhtbhm the Minotaur Berserker began the quest for the Orb.
     0 | D:1      | Reached XP level 1. HP: 19/19 MP: 0/0
    92 | D:1      | Reached XP level 2. HP: 27/27 MP: 1/1
   527 | D:1      | Found a faded altar of an unknown god.
   535 | D:1      | Reached XP level 3. HP: 29/33 MP: 2/2
   654 | D:1      | Reached ** piety under Trog
  1179 | D:2      | Noticed Jessica
  1182 | D:2      | Killed Jessica
  1183 | D:2      | Reached XP level 4. HP: 41/41 MP: 3/3
  1218 | D:2      | Reached skill level 5 in Polearms
  1637 | D:2      | Found a runed translucent door.
  1638 | D:2      | Noticed Crazy Yiuf
  1848 | D:2      | Killed Crazy Yiuf
  2142 | D:3      | Reached XP level 5. HP: 31/47 MP: 4/4
  2602 | D:3      | Found a snail-covered altar of Cheibriados.
  2755 | D:3      | Reached XP level 6. HP: 55/55 MP: 5/5
  3098 | D:4      | Reached skill level 5 in Fighting
  3450 | D:5      | Entered Level 5 of the Dungeon
  3454 | D:5      | Found a staircase to the Ecumenical Temple.
  3474 | D:5      | Noticed an ice beast
  3484 | D:5      | Killed an ice beast
  3639 | D:5      | Reached XP level 7. HP: 61/61 MP: 6/6
  3814 | D:5      | Reached *** piety under Trog
  3832 | D:5      | Reached skill level 5 in Armour
  3988 | D:5      | Found an ancient bone altar of Kikubaaqudgha.
  4312 | D:5      | Found a broken altar of Ashenzari.
  4514 | D:5      | Found a shimmering altar of Xom.
  4514 | D:5      | You fall into a shaft and drop 2 floors!
  4537 | D:7      | Reached XP level 8. HP: 69/70 MP: 7/7
  5261 | D:8      | Killed an unseen horror
  5653 | D:8      | Reached XP level 9. HP: 78/78 MP: 8/8
  6124 | D:8      | Reached skill level 1 in Evocations
  6387 | D:8      | Found a radiant altar of Vehumet.
  6388 | D:8      | Found a blossoming altar of Fedhas.
  6388 | D:8      | Found a white marble altar of Elyvilon.
  6431 | D:8      | Found a stormy altar of Qazlal.
  6479 | D:8      | Found a sacrificial altar of Ru.
  6687 | D:8      | Reached skill level 10 in Polearms
  6777 | D:8      | Found a staircase to the Lair.
  6806 | D:8      | Found a sparkling altar of Nemelex Xobeh.
  7098 | D:7      | Found a basalt altar of Yredelemnul.
  7235 | D:7      | Noticed Menkaure
  7242 | D:7      | Killed Menkaure
  7343 | D:7      | Reached skill level 10 in Armour
  7371 | D:7      | Reached **** piety under Trog
  7477 | D:7      | Noticed Joseph
  7489 | D:7      | Killed Joseph
  7750 | D:6      | Found a glowing drain.
  7775 | D:6      | Identified the ring of the Invisible Hand {rCorr Str+6}
  7808 | Sewer    | Entered a sewer
  8095 | Sewer    | Reached XP level 10. HP: 89/89 MP: 9/9
  9207 | D:5      | Noticed an angel
  9211 | D:5      | Found a glowing silver altar of Zin.
  9810 | D:9      | Found a transporter.
  9818 | D:9      | Noticed a two-headed ogre
  9839 | D:9      | Noticed a two-headed ogre
  9841 | D:9      | Slain by a two-headed ogre

Illustrated notes

Levels and vault maps discovered:
D:1:      kennysheep_arrival_forest, layout_loops_ring,
          ebering_ecumenical_altar_hall
D:2:      minmay_recursive_quarters, layout_basic, uniq_crazy_yiuf_cottage,
          uniq_jessica
D:3:      layout_basic, mainiacjoe_overflow_boulevard
D:4:      layout_cave_pools
D:5:      layout_loops_corners, grunt_temple_overflow_order_and_chaos_1,
          marbit_many_paths, mainiacjoe_overflow_six_doors_small,
          minmay_temple_entry_mist
D:6:      layout_loops_ring, cheibrodos_sewer_entry_sluice, minmay_fountain_box
D:7:      layout_rooms, mainiacjoe_overflow_cross_hatched, uniq_menkaure,
          uniq_joseph
D:8:      layout_rooms, nicolae_qazlal_style_of_elements,
          nemelex_diamond_rough_becter, overflow_temple_1_default,
          gammafunk_temple_overflow_forgotten, lair_entry_dummy, serial_rivers,
          chequers_serial_rivers_large_b, chequers_serial_rivers_large_a,
          chequers_serial_rivers_small_3, chequers_serial_rivers_micro_b,
          chequers_serial_rivers_micro_a, lightli_minifort
D:9:      gammafunk_wand_slinger, layout_cave_pools, serial_glass,
          glass_columns_a, glass_columns_c

Skill      XL: |  1  2  3  4  5  6  7  8  9 10 |
---------------+-------------------------------+-----
Polearms       | 4 5 6 7 8 9 10 11 | 11.3
Fighting       | 4 5 6 8 |  8.5
Armour         | 3 4 6 8 10 11 | 11.1
Dodging        | 3 4 |  4.5
Evocations     | 1 |  1.0
Stealth        | |  0.6

Action                   |  1- 3 |  4- 6 |  7- 9 | 10-12 || total
-------------------------+-------+-------+-------+-------++-------
Melee: Spear             |    78 |   178 |   267 |       ||   523
       Headbutt          |    11 |    21 |    57 |     5 ||    94
       Halberd           |       |       |   130 |    61 ||   191
Invok: Berserk           |       |     4 |    10 |     2 ||    16
Evoke: Wand              |       |       |     6 |       ||     6
  Use: Scroll            |     1 |     6 |     7 |     3 ||    17
       Potion            |       |       |     3 |     3 ||     6
 Stab: Sleeping          |     1 |       |       |       ||     1
Armor: Animal skin       |     8 |       |       |       ||     8
       Chain mail        |     8 |    65 |   155 |    34 ||   262
Dodge: Dodged            |    36 |    59 |   117 |    47 ||   259
